 Dungeon Crawl Stone Soup version 0.25-a0-62-g88673ef095 (webtiles) character file.

Game seed: 14464168880765598197, levelgen mode: deterministic

2349 MrRokkomies the Covert (level 9, 0/41 HPs)
             Began as a Spriggan Assassin on Oct 31, 2019.
             Slain by a hippogriff (4 damage)
             ... on level 7 of the Dungeon.
             The game lasted 00:25:51 (9926 turns).

MrRokkomies the Covert (Spriggan Assassin)          Turns: 9926, Time: 00:25:52

Health: 0/41       AC:  4    Str: 17    XL:     9   Next: 20%
Magic:  18/19      EV: 17    Int: 13    God:
Gold:   320        SH:  0    Dex: 17    Spells: 7/8 levels left

rFire    . . .     SeeInvis +   a - +3 short sword of Upapp {pierce, Str+3}
rCold    . . .     Gourm    .   (shield restricted)
rNeg     . . .     Faith    .   b - +0 robe
rPois    .         Spirit   .   (helmet restricted)
rElec    +         Reflect  .   F - +1 cloak {+Inv}
rCorr    .         Harm     .   (gloves unavailable)
MR       +....                  (boots unavailable)
Stlth    ++++++....             (no amulet)
HPRegen  0.13/turn              v - ring of Xeiloc {*Slow rElec MP+9 Str+4 Stlth+}
MPRegen  0.16/turn              (no ring)

@: confusing touch, very quick
A: very small, unfitting armour, see invisible, herbivore, speed 3, slow
metabolism 2
a: Evoke Invisibility


You were on level 7 of the Dungeon.
You were not hungry.

You visited 2 branches of the dungeon, and saw 8 of its levels.
You also visited: Sewer and Ossuary.

You collected 320 gold pieces.

Inventory:

Hand Weapons
 a - the +3 short sword of Upapp (weapon) {pierce, Str+3}
   (You found it on level 6 of the Dungeon)

   It inflicts extra damage upon your enemies.
   It affects your strength (+3).
Missiles
 d - 52 stones (quivered)
 e - a curare-tipped dart
 j - 3 poisoned darts
Armour
 b - a +0 robe (worn)
 p - a +2 robe of magic resistance
 F - a +1 cloak of invisibility (worn)
Jewellery
 l - an uncursed ring of fire
 v - the ring of Xeiloc (left hand) {*Slow rElec MP+9 Str+4 Stlth+}
   (You found it on level 4 of the Dungeon)

   [ring of magical power]

   It affects your strength (+4).
   It insulates you from electricity.
   It affects your magic capacity (+9).
   It may slow you when you take damage.
   It makes you more stealthy.
Wands
 g - a wand of clouds (5)
 r - a wand of random effects (20)
 w - a wand of digging (4)
Scrolls
 c - 3 scrolls of identify
 i - a scroll of amnesia
 m - 2 scrolls of immolation
 n - 3 scrolls of enchant weapon
 y - a scroll of magic mapping
 z - 2 scrolls of fog
 A - a scroll of teleportation
 C - a scroll of blinking
 E - a scroll of remove curse
Potions
 h - a potion of brilliance
 k - a potion of flight
 q - 2 potions of magic
 s - 2 potions of might
 t - 2 potions of ambrosia
 u - 2 potions of berserk rage
 x - 4 potions of heal wounds
 B - 6 potions of curing
 D - 4 potions of haste
Comestibles
 f - 5 rations


   Skills:
 - Level 1.5 Fighting
 * Level 8.9 Short Blades
 - Level 7.2 Throwing
 - Level 1.5 Dodging
 + Level 10.3 Stealth
 * Level 3.9 Hexes


You had 7 spell levels left.
You knew the following spells:

 Your Spells              Type           Power        Failure   Level  Hunger
a - Confusing Touch       Hex            ##....       6%          1    ##.....

Your spell library contained the following spells:

 Spells                   Type           Power        Failure   Level  Hunger
 Animate Skeleton         Necr           N/A          30%         1    ##.....
 Apportation              Tloc           #.....       30%         1    ##.....
 Summon Small Mammal      Summ           #...         30%         1    ##.....


Dungeon Overview and Level Annotations

Branches:
Dungeon (7/15)             Temple (1/1) D:6           Sewer (visited)
Ossuary (visited)

Altars:
Dithmenos
Fedhas
Gozag
Hepliaklqana
Kikubaaqudgha
Makhleb
Nemelex Xobeh
Qazlal
Ru
Sif Muna
Trog
Uskayaw
Vehumet
Wu Jian
Xom
Yredelemnul
Zin
The Shining One


Innate Abilities, Weirdness & Mutations

You are very small and have problems with some larger weapons.
You are too small for most types of armour.
You have supernaturally acute eyesight. (SInv)
You are a herbivore.
You cover ground extremely quickly.
You need to consume almost no food.


Message History

The hippogriff is lightly wounded.
You hit the hippogriff.
The hippogriff is moderately wounded.
The hippogriff bites you! The hippogriff pecks you. The hippogriff claws you.
You are too injured to fight recklessly!
You are too injured to fight recklessly!
You are too injured to fight recklessly!
Casting: Confusing Touch (safe; 6% risk of failure)
Confirm with . or Enter, or press ? or * to list all spells.
Your hands begin to glow red.
The hippogriff bites you. The hippogriff pecks you.
* * * LOW HITPOINT WARNING * * *
The hippogriff misses you.
You are too injured to fight recklessly!
You hit the hippogriff but do no damage.
The hippogriff is lightly wounded.
The hippogriff bites you!
* * * LOW HITPOINT WARNING * * *
The hippogriff closely misses you. The hippogriff claws you.
You die...

#.# #.# #. #.# +.+#
#.# #...## ##.## #
#....## #...#.###
#+###.....###.H.....#
...........##.@.....#
+.........').........
#.........####.......
#.......## ..#####
##.....## .## ##...##
># ##'## .# #.# .#
#.#


You could see a hippogriff.

Vanquished Creatures
  A hungry ghost (D:6)
  A sky beast (D:5)
  An ogre (D:4)
  3 centaurs
  An elf zombie (Ossuary)
  3 bullfrogs
  A water moccasin skeleton (D:6)
  4 scorpions
  4 wights (D:7)
  A bullfrog zombie (D:5)
  2 crimson imps
  2 centaur zombies (Ossuary)
  2 centaur skeletons
  3 hounds
  2 human zombies (Ossuary)
  Crazy Yiuf (D:6)
  A gnoll shaman (D:3)
  2 orc priests
  Jessica (D:3)
  3 iguanas
  An orc wizard (D:3)
  2 worker ants
  A killer bee zombie (D:3)
  2 big kobold zombies (Ossuary)
  2 mummies (Ossuary)
  6 gnolls
  7 adders
  7 river rats (Sewer)
  A shadow imp (D:6)
  5 oozes
  3 adder skeletons
  2 dart slugs
  5 leopard geckos
  12 orcs
  11 bats
  8 giant cockroaches
  6 goblins
  9 hobgoblins
  6 jackals
  7 quokkas
  11 ball pythons
  7 frilled lizards
  A giant cockroach zombie (D:5)
  A goblin zombie (Ossuary)
  8 hobgoblin zombies (Ossuary)
  A jackal zombie (Ossuary)
  10 kobolds
  11 kobold zombies (Ossuary)
  A leopard gecko skeleton (D:4)
  7 orc zombies (Ossuary)
  29 rats
  2 rat zombies (Ossuary)
231 creatures vanquished.

Notes
Turn   | Place    | Note
-------+----------+-------------------------------------------
     0 | D:1      | MrRokkomies the Spriggan Assassin began the quest for the
                  | Orb.
     0 | D:1      | Reached XP level 1. HP: 10/10 MP: 2/2
   124 | D:1      | Reached skill level 6 in Stealth
   326 | D:1      | Reached XP level 2. HP: 14/14 MP: 3/3
  1032 | D:2      | Reached XP level 3. HP: 18/18 MP: 4/4
  1440 | D:2      | Found a blossoming altar of Fedhas.
  1892 | D:3      | Noticed Jessica
  1906 | D:3      | Killed Jessica
  1906 | D:3      | Reached XP level 4. HP: 15/22 MP: 5/5
  2287 | D:3      | Reached XP level 5. HP: 19/25 MP: 6/6
  2342 | D:3      | Found a shimmering altar of Xom.
  2462 | D:3      | Reached skill level 7 in Stealth
  2608 | D:3      | Found a faded altar of an unknown god.
  3530 | D:4      | Got a vibrating bone ring
  3667 | D:4      | Identified the ring of Xeiloc {*Slow rElec MP+9 Str+4
                  | Stlth+} (You found it on level 4 of the Dungeon)
  3685 | D:4      | Reached XP level 6. HP: 26/30 MP: 7/7
  3765 | D:4      | Reached skill level 5 in Short Blades
  3803 | D:4      | Found a shadowy altar of Dithmenos.
  4794 | D:4      | Found a basalt altar of Yredelemnul.
  4799 | D:4      | Found a glowing golden altar of the Shining One.
  4801 | D:4      | Noticed an angel
  5177 | D:4      | Reached skill level 5 in Throwing
  5177 | D:4      | Reached XP level 7. HP: 21/33 MP: 8/8
  5186 | D:4      | Reached skill level 8 in Stealth
  5553 | D:5      | Entered Level 5 of the Dungeon
  6212 | D:5      | Found a burning altar of Makhleb.
  6213 | D:5      | Found an ancient bone altar of Kikubaaqudgha.
  6587 | D:6      | Reached XP level 8. HP: 37/37 MP: 9/9
  6626 | D:6      | Reached skill level 9 in Stealth
  6641 | D:6      | Found a shimmering blue altar of Sif Muna.
  6641 | D:6      | Found an opulent altar of Gozag.
  6881 | D:6      | Found a glowing drain.
  6888 | Sewer    | Entered a sewer
  8133 | D:6      | Learned a level 1 spell: Confusing Touch
  8191 | D:6      | Reached skill level 1 in Hexes
  8387 | D:6      | Found a runed translucent door.
  8388 | D:6      | Noticed Crazy Yiuf
  8395 | D:6      | Killed Crazy Yiuf
  8537 | D:6      | Got a pitted short sword
  8538 | D:6      | Identified the +3 short sword of Upapp {pierce, Str+3} (You
                  | found it on level 6 of the Dungeon)
  8614 | D:6      | Found a staircase to the Ecumenical Temple.
  8623 | Temple   | Entered the Ecumenical Temple
  8965 | D:7      | Found a sand-covered staircase.
  8997 | D:7      | Reached skill level 10 in Stealth
  9014 | Ossuary  | Entered an ossuary
  9081 | Ossuary  | Reached XP level 9. HP: 39/41 MP: 10/10
  9926 | D:7      | Slain by a hippogriff

Levels and vault maps discovered:
D:1:      minmay_arrival_checkered_box, layout_loops_cross
D:2:      layout_loops_corners, fedhas_altar_3, first_ration
D:3:      layout_basic, xom_butterflies, chequers_ecumenical_altar_island,
          minmay_misc_feat_room, uniq_jessica
D:4:      layout_layer_cave, grunt_temple_overflow_holy_war, kennysheep_mini,
          grunt_decor_mini_mirrors
D:5:      layout_loops_ring, nicolae_overflow_hidden_temple
D:6:      layout_basic, gammafunk_temple_overflow_elements, temple_hall,
          gup_sewer_entry_bubbles, uniq_crazy_yiuf_cottage
D:7:      layout_loops_corners, lemuel_doored_altar, okawaru_metal_pillars_1_2,
          biasface_ghost_orc_armoury, nicolae_ossuary_entry_false_entrances
Temple:   compressed_dpeg_triangle_lava_temple

Skill      XL: |  1  2  3  4  5  6  7  8  9 |
---------------+----------------------------+-----
Stealth        | 6 7 8 10 | 10.3
Short Blades   | 3 4 5 6 8 |  8.9
Throwing       | 3 4 5 6 7 |  7.2
Hexes          | 2 3 |  3.9
Fighting       | |  1.5
Dodging        | |  1.5

Action                   |  1- 3 |  4- 6 |  7- 9 || total
-------------------------+-------+-------+-------++-------
Melee: Dagger            |   139 |   193 |   245 ||   577
       Short sword       |       |       |   177 ||   177
Throw: Dart              |     7 |    44 |    14 ||    65
       Stone             |       |       |    89 ||    89
 Cast: Confusing Touch   |       |       |     3 ||     3
Evoke: Wand              |       |       |     6 ||     6
  Use: Scroll            |     8 |    11 |     7 ||    26
       Potion            |       |     2 |     2 ||     4
 Stab: Sleeping          |    18 |     9 |    33 ||    60
       Distracted        |       |     2 |     1 ||     3
       Confused          |       |       |     2 ||     2
       Paralysed         |       |       |     1 ||     1
  Eat: Ration            |       |     1 |     3 ||     4
Armor: Robe              |    18 |    13 |    36 ||    67
Dodge: Dodged            |    90 |   153 |   226 ||   469

Table legend:
 A = Non-vault XP
 B = Vault XP
 C = Vault XP percentage of total XP
 D = Non-vault monster count
 E = Vault monster count
 F = Vault count percentage of total count
                 A         B        C        D         E       F
            +---------+---------+-------+---------+---------+-------
      Total |    2494 |     863 |  25.7 |     136 |      95 |  41.1
            +---------+---------+-------+---------+---------+-------
        D:1 |      29 |       0 |   0.0 |      18 |       0 |   0.0
        D:2 |      63 |       0 |   0.0 |      30 |       0 |   0.0
        D:3 |     296 |      37 |  11.1 |      31 |       1 |   3.1
        D:4 |     419 |       0 |   0.0 |      19 |       0 |   0.0
        D:5 |     403 |       0 |   0.0 |      14 |       0 |   0.0
        D:6 |     800 |      50 |   5.9 |      15 |       7 |  31.8
        D:7 |     484 |       0 |   0.0 |       9 |       0 |   0.0
      Sewer |       0 |     391 | 100.0 |       0 |      48 | 100.0
    Ossuary |       0 |     385 | 100.0 |       0 |      39 | 100.0
            +---------+---------+-------+---------+---------+-------
